 Dungeon Crawl Stone Soup version bcrawl-1.23.1-30-gcf7fa35852 (webtiles) character file.

Game seed: 15900973385589609211

162 BattleRest the Shield-Bearer (level 5, 0/47 HPs)
             Began as a Minotaur Fighter on June 2, 2020.
             Succumbed to a killer bee's poison
             ... on level 4 of the Dungeon.
             The game lasted 00:07:46 (3915 turns).

BattleRest the Shield-Bearer (Minotaur Fighter)     Turns: 3915, Time: 00:07:47

Health: 0/47       AC: 14    Str: 22    XL:     5   Next: 19%
Magic:  4/4        EV:  2    Int:  5    God:
Gold:   248        SH:  9    Dex:  9    Spells: 4/4 levels left

rFire    . . .     SeeInvis .   a - +0 flail
rCold    . . .     Gourm    .   c - +0 medium shield
rNeg     . . .     Faith    .   l - +0 plate armour
rPois    .         Spirit   .   (helmet restricted)
rElec    .         Reflect  .   (no cloak)
rCorr    .         Harm     .   s - +1 pair of gloves
MR       .....                  (no boots)
Stlth    ..........             (no amulet)
HPRegen  0.15/turn              (no ring)
MPRegen  0.09/turn              (no ring)

@: lethally poisoned (0 -> -24)
A: retaliatory headbutt, horns 2
a: no special abilities


You were on level 4 of the Dungeon.
You were hungry.

You visited 1 branch of the dungeon, and saw 4 of its levels.

You collected 248 gold pieces.

Inventory:

Hand Weapons
 a - a +0 flail (weapon)
Armour
 b - a +0 scale mail
 c - a +0 medium shield (worn)
 l - a +0 plate armour (worn)
 s - a +1 pair of gloves (worn)
Wands
 u - a wand of disintegration (19)
Scrolls
 g - a scroll of amnesia
 h - 2 scrolls of teleportation
 i - 2 scrolls of remove curse
 m - a scroll of fear
 r - a scroll of enchant armour {unknown}
 v - a scroll of fog {unknown}
 w - a scroll of identify
Potions
 d - 2 potions of might
 f - 4 potions of haste {unknown}
 j - a potion of agility {unknown}
 k - 2 potions of degeneration {unknown}
 n - 2 potions of berserk rage {unknown}
 o - 2 potions of heal wounds {unknown}
 p - 4 potions of curing {unknown}
 q - a potion of ambrosia {unknown}
 t - a potion of brilliance {unknown}
Comestibles
 e - 9 rations {!d}


   Skills:
 + Level 4.7 Fighting
 + Level 3.9 Maces & Flails
 + Level 4.7 Armour
 + Level 4.8 Shields


You had 4 spell levels left.
You didn't know any spells.
Your spell library contained the following spells:

 Spells                   Type           Power        Failure   Level  Hunger
 Animate Skeleton         Necr           N/A          100%        1    ##.....
 Pain                     Necr           #.....       100%        1    ##.....
 Regeneration             Chrm/Necr      #.........   100%        3    ####...
 Vampiric Draining        Necr           #.........   100%        3    ####...
 Animate Dead             Necr           N/A          100%        4    #####..
 Bolt of Draining         Conj/Necr      #.........   100%        5    ######.


Dungeon Overview and Level Annotations

Branches:
Dungeon (4/12)
 Temple: D:4-7

Altars:
Elyvilon
Lugonu
Trog

Annotations:
D:3 1 runed door


Innate Abilities, Weirdness & Mutations

You reflexively headbutt those who attack you in melee.
You have a pair of horns on your head.


Message History

The killer bee poisons you! You block the killer bee's attack.
The quokka bites you but does no damage.
You block the orc's attack. You block the killer bee's attack.
The orc wizard hits you but does no damage.
The quokka bites you but does no damage.
The orc hits you but does no damage. You block the orc's attack.
You closely miss the orc wizard.
The orc wizard is almost dead.
* * * LOW HITPOINT WARNING * * *
You feel very sick. You block the killer bee's attack.
The killer bee stings you but does no damage.
The quokka bites you but does no damage.
The orc wizard hits you but does no damage.
The orc hits you but does no damage. The orc hits you with a +0 war axe.
* * * LOW HITPOINT WARNING * * *
You block the killer bee's attack.
The quokka bites you but does no damage.
No path to travel!
You die...

######### #.
#......o####
####.##...!.@.o..#
............roy......
####..#..........##.#
##.#..........#
#............#
######........####
........#######
#######.# #.##


You could see a killer bee, an orc wizard, 2 orcs and a quokka.

Vanquished Creatures
  An orc priest (D:3)
  4 adders
  An ooze (D:2)
  An adder skeleton (D:3)
  3 worms
  A dart slug (D:2)
  3 leopard geckos
  6 orcs
  5 giant cockroaches
  5 goblins
  5 hobgoblins
  5 jackals
  11 kobolds
  2 quokkas
  3 bats (D:1)
  6 frilled lizards
  6 rats
68 creatures vanquished.

Notes
Turn   | Place    | Note
-------+----------+-------------------------------------------
     0 | D:1      | BattleRest the Minotaur Fighter began the quest for the
                  | Orb.
     0 | D:1      | Reached XP level 1. HP: 19/19 MP: 0/0
   135 | D:1      | Reached XP level 2. HP: 27/27 MP: 1/1
   708 | D:1      | Reached XP level 3. HP: 15/33 MP: 2/2
  1201 | D:2      | Found a bloodstained altar of Trog.
  1560 | D:2      | Found a corrupted altar of Lugonu.
  1646 | D:3      | Reached XP level 4. HP: 15/40 MP: 3/3
  3063 | D:3      | Reached XP level 5. HP: 13/47 MP: 4/4
  3407 | D:3      | Found a runed door.
  3586 | D:4      | Found a white marble altar of Elyvilon.
  3914 | D:4      | HP: 2/47 [orc/+0 war axe (3)]
  3915 | D:4      | Succumbed to a killer bee's poison

Skill      XL: |  1  2 |
---------------+-------+-----
Shields        | 4 |  4.8
Armour         | 4 |  4.7
Fighting       | 4 |  4.7
Maces & Flails | 3 |  3.9

Action                   |  1- 3 |  4- 6 || total
-------------------------+-------+-------++-------
Melee: Flail             |   125 |   105 ||   230
       Headbutt          |    22 |    17 ||    39
  Use: Scroll            |     5 |       ||     5
  Eat: Chunk             |     2 |     7 ||     9
Armor: Scale mail        |    33 |       ||    33
       Plate armour      |    27 |    73 ||   100
Dodge: Dodged            |    25 |    13 ||    38
Block: Medium shield     |    60 |    56 ||   116
